Map: Lost and Found LE

Players

Juxtapose - Winner!

  • Race: Protoss Protoss
  • Spawn Location: 7:00

VOD

https://youtu.be/gFZtxYWy6f4

Description

Time

  • Played on: June 23, 2018, 9:11 p.m.
  • Length: 16:58
Show
View Real Time Build Order
Export as new Build Order

Juxtapose Protoss - Winner!

Build Orders:  

Get SALT Encoding   

  12  0:04  Probe (Chrono Boost)  
  14  0:21  Probe (Chrono Boost)  
  14  0:26  Pylon  
  14  0:38  Probe (Chrono Boost)  
  15  0:54  Gateway  
  15  0:58  Probe (Chrono Boost)  
  16  1:15  Probe (Chrono Boost), Assimilator  
  17  1:24  Assimilator  
  18  1:32  Probe (Chrono Boost)  
  18  1:36  Pylon  
  18  1:49  Probe (Chrono Boost)  
  19  2:06  Probe (Chrono Boost)  
  20  2:14  Cybernetics Core  
  20  2:23  Probe (Chrono Boost)  
  21  2:31  Zealot  
  24  2:40  Probe (Chrono Boost)  
  24  2:43  Pylon  
  24  2:57  Probe (Chrono Boost)  
  25  3:09  Stargate  
  25  3:59  Probe (Chrono Boost)  
  26  4:01  Oracle  
  26  4:06  Nexus  
  29  4:34  Gateway  
  29  4:39  Oracle  
  29  4:48  Warp Gate  
  32  5:03  Probe (Chrono Boost)  
  32  5:04  Stalker  
  36  5:20  Probe (Chrono Boost)  
  36  5:21  Pylon  
  36  5:31  Shield Battery  
  36  5:37  Probe (Chrono Boost)  
  38  5:50  Probe (Chrono Boost)  
  38  5:54  Probe (Chrono Boost)  
  38  5:57  Forge  
  39  6:05  Gateway  
  39  6:09  Pylon  
  39  6:16  Zealot  
  39  6:17  Zealot  
  43  6:22  Pylon  
  43  7:18  Protoss Ground Weapons Level 1  
  45  7:30  Probe x2 (Chrono Boost)  
  45  7:33  Assimilator  
  45  7:36  Assimilator, Void Ray  
  45  7:39  Pylon  
  45  7:40  Zealot x2  
  45  7:47  Probe x2 (Chrono Boost)  
  55  8:03  Gateway  
  55  8:04  Probe (Chrono Boost)  
  55  8:06  Twilight Council  
  56  8:24  Stalker x2  
  56  8:25  Stalker  
  62  8:36  Void Ray  
  68  8:40  Probe x2 (Chrono Boost)  
  68  8:57  Probe x2 (Chrono Boost)  
  70  9:14  Probe (Chrono Boost)  
  71  9:21  Templar Archives  
  71  9:26  Probe (Chrono Boost)  
  73  9:31  Probe (Chrono Boost)  
  73  9:35  Stalker  
  73  9:36  Void Ray  
  73  9:37  Zealot  
  81  9:43  Probe (Chrono Boost)  
  81  9:44  Protoss Ground Armor Level 1  
  82  10:24  Stalker  
  82  10:25  Stalker  
  86  10:33  Charge  
  86  10:38  Pylon  
  86  10:41  Pylon  
  86  10:45  Pylon  
  86  11:07  High Templar x2  
  86  11:09  High Templar x2  
  94  11:25  Archon  
  94  11:27  Archon  
  94  11:43  Photon Cannon  
  94  11:45  Shield Battery  
  94  11:49  Photon Cannon  
  94  11:53  Stalker x2  
  98  12:24  Protoss Ground Weapons Level 2  
  98  12:27  Zealot x2  
  98  12:28  Zealot x2  
  106  12:33  Nexus  
  106  12:35  Pylon  
  106  12:42  Pylon  
  106  12:44  Psionic Storm  
  106  12:57  Robotics Facility  
  67  14:18  Stalker x2  
  69  14:20  Stalker  
  69  14:25  Zealot  
  65  14:52  Blink  
  63  15:02  Zealot x2  
  63  15:03  Zealot  
  63  15:04  Zealot  
  71  15:12  Probe (Chrono Boost)  
  71  15:13  Probe x2 (Chrono Boost)  
  71  15:14  Warp Prism  
  76  15:29  Probe (Chrono Boost)  
  78  15:30  Probe (Chrono Boost)  
  78  15:49  Stalker  
  80  15:50  Stalker x2  
  80  15:51  Stalker  
  80  15:56  Immortal  
Tags
 
Add a new tag
Caveats
  • Supply blocks, unpowered buildings, or Contaminate may cause inaccurate times.
  • Supply counts are checked every 10 seconds.